[Event "Queens Festival Final Team 2022"]
[Site "Tornelo"]
[Date "2022.06.26"]
[Round "4.6"]
[White "Mayeregger Gonzalez, Renata"]
[Black "Gomes, Maria Eduarda Papini"]
[Result "1-0"]
[ECO "B01"]
[WhiteElo "1461"]
[BlackElo "1618"]
[Annotator "NA RC"]
[PlyCount "133"]
[EventDate "2022.06.24"]
[EventType "team-tourn"]
[EventCountry "NET"]
[SourceTitle "playchess.com"]
[Source "ChessBase"]
[SourceQuality "1"]
[WhiteTeam "Paraguay"]
[BlackTeam "Brazil"]
[WhiteTeamCountry "PAR"]
[BlackTeamCountry "BRA"]
[TimeControl "180+2"]

1. e4 d5 2. exd5 Qxd5 3. Nc3 Qa5 4. d4 c6 5. Bd2 Qc7 6. Nf3 Nf6 7. h3 Bf5 8. Bc4 e6 9. O-O Bd6 10. Bg5 Nbd7 11. Re1 h6 12. Be3 O-O 13. Qd2 Nb6 14. Bd3 Bxd3 15. Qxd3 Nbd5 16. Nxd5 Nxd5 17. Bd2 Rfd8 18. c3 c5 19. Rac1 cxd4 20. Nxd4 a6 21. Qe4 Nb6 22. Qg4 Kh8 23. Qh5 Bf4 24. Bxf4 Qxf4 25. f3 Rd5 26. Qg4 Qxg4 27. hxg4 Nc4 28. b3 Nb6 29. f4 Rad8 30. Rf1 Ra5 31. a4 Rad5 32. Rce1 Nd7 33. f5 e5 34. Nf3 f6 35. Rd1 Nc5 36. Rxd5 Rxd5 37. Rb1 Rd3 38. Nh4 Rxc3 39. Ng6+ Kg8 40. Rd1 Rd3 41. Rc1 b6 42. b4 Rd5 43. Ne7+ Kf8 44. Nxd5 Nd3 45. Rc8+ Kf7 46. Rc7+ Ke8 47. Nxb6 Nxb4 48. Rxg7 Nc6 49. Rg6 Ke7 50. Rxh6 Nd4 51. Rh7+ Kd6 52. Ra7 Kc5 53. Nc8 Ne2+ 54. Kh2 Nf4 55. Rxa6 Nd5 56. Na7 Kb4 57. Rd6 Ne3 58. a5 Nxg4+ 59. Kh3 Ne3 60. Rxf6 Kxa5 61. Re6 Nc4 62. f6 Nb6 63. Rxb6 Kxb6 64. f7 Kxa7 65. f8=Q Kb6 66. Qe7 Kc6 67. Qxe5 1-0

[Event "Queens Festival Final Team 2022"]
[Site "Tornelo"]
[Date "2022.06.26"]
[Round "5.1"]
[White "Perez Rodriguez, Jennifer"]
[Black "Subramanian, Anusha"]
[Result "1-0"]
[ECO "C01"]
[WhiteElo "2251"]
[BlackElo "1671"]
[Annotator "TA"]
[PlyCount "95"]
[EventDate "2022.06.24"]
[EventType "team-tourn"]
[EventCountry "NET"]
[SourceTitle "playchess.com"]
[Source "ChessBase"]
[SourceQuality "1"]
[WhiteTeam "Paraguay"]
[BlackTeam "England"]
[WhiteTeamCountry "PAR"]
[BlackTeamCountry "ENG"]
[TimeControl "180+2"]

1. e4 e6 2. d4 d5 3. Bd3 dxe4 4. Bxe4 Nf6 5. Bf3 c6 6. Ne2 {[%emt 0:00:02] C01: French: Exchange Variation.} Bd6 7. c4 Qc7 (7... O-O $11) 8. Nbc3 {[%emt 0:00:02] White is slightly better.} (8. c5 $5 Be7 9. Bf4 $14) 8... b6 9. g3 Bb7 10. O-O $1 Nbd7 {[%emt 0:00:03] [#]} 11. a3 $146 ({Predecessor:} 11. b3 O-O 12. Qc2 a6 13. Bf4 e5 14. dxe5 Nxe5 15. Bxe5 Bxe5 16. Rad1 Rad8 17. Ne4 c5 18. Nxf6+ Bxf6 {½-½ (18) Nuber,B (2089)-Leckner,H (1994) Bayern 2008}) 11... O-O 12. Bg2 a6 13. b4 a5 (13... c5 $15 14. Bxb7 Qxb7) 14. c5 $36 {[%emt 0:00:05][%mdl 2048] White has the initiative.} Be7 15. Bf4 Qc8 16. Qb3 Nd5 17. Nxd5 exd5 18. Rfb1 Ba6 19. Nc3 Bf6 (19... axb4 $11 20. axb4 Bc4) 20. Rd1 {[%emt 0:00:11] White is more active.} (20. b5 $16 {Black must now prevent bxc6.} Bxd4 21. bxa6 Nxc5 22. Qc2 (22. Qxb6 Rxa6 23. Qb2 Na4 $11)) 20... Bc4 $11 21. Qc2 (21. Qb2 $1 $11) 21... Qb7 (21... axb4 $17 22. axb4 Rxa1 23. Rxa1 Bxd4) 22. Rab1 {[%emt 0:00:32] Strongly threatening b5.} axb4 23. axb4 (23. Rxb4 $5 Rxa3 24. cxb6 $11) 23... Ra7 {[%emt 0:00:05] [#]} (23... b5 $1 $11) 24. Bf1 (24. Ne4 $1 $14) 24... Bxf1 25. Kxf1 b5 26. Rb2 Rfa8 27. g4 ({White should play} 27. Ne2 $15) 27... Ra1 (27... Nf8 $17 28. Ne2 Ne6) 28. Rxa1 $15 Rxa1+ 29. Kg2 (29. Rb1 $142 Qa8 30. Ne2) 29... Qc8 (29... Bxd4 $142 30. Qd3 Bf6) 30. Qd2 Nb8 ({Better is} 30... Nf8 $17 31. h3 h5) 31. h3 (31. Bxb8 $5 Qxb8 32. g5 $11) 31... Qb7 $2 {[%emt 0:00:04][%mdl 8192] [#]} (31... Nd7 $11) 32. Be3 $2 ({Only move:} 32. Qe3 $1 $18 h6 33. Qe8+ Kh7 34. Qxb8 (34. Bxb8 Ra8 $11) 34... Qxb8 35. Bxb8) 32... Ra7 33. Ra2 Qe7 $2 {[%emt 0:00:03][%mdl 8192] [#]} (33... h6 $11 {and Black is okay.}) 34. Rxa7 $2 (34. g5 $1 $18 Bxg5 35. Rxa7 (35. Bxg5 Rxa2 36. Nxa2 Qe4+ 37. Kh2 Na6 $18) 35... Qxa7 36. Bxg5) 34... Qxa7 $11 35. Ne2 Qa3 (35... Na6 $11) 36. Nf4 (36. Bg5 $14 Nd7 37. Bxf6 Nxf6 38. Ng3) 36... Nd7 37. Nd3 Qb3 (37... h6 $11) 38. g5 $14 Be7 (38... Bd8 $142) 39. Bf4 $16 g6 $2 (39... Qa3 $16 {is a better chance.}) 40. Ne5 $2 (40. Qe2 $18 Bf8 41. Ne5 Nxe5 42. Qxe5) 40... Nxe5 $11 41. Bxe5 {[%emt 0:00:00][%mdl 4096] Endgame KQB-KQB} Qc4 $2 (41... Qb1 $11) 42. Qf4 $2 (42. Bd6 $18 Bf8 43. h4) 42... Bf8 (42... Qxb4 $2 43. Qg4 Bxc5 44. dxc5 Qxg4+ 45. hxg4 $18) (42... Qe2 $11) 43. Qg4 $2 (43. Qf6 {mates} Qf1+ 44. Kxf1 h6 45. Qh8#) 43... Qxb4 $18 44. Qc8 {[%emt 0:00:01] White wants to mate with Bd6.} Qc4 $2 (44... Qd2 $16) 45. Bd6 {[%emt 0:00:03][%csl Gd6][%cal Rc8f8] White mates.} h5 46. Qxf8+ Kh7 47. Qxf7+ Kh8 48. Be5# {[%emt 0:00:01] Weighted Error Value: White=0.77/Black=0.94} 1-0

[Event "Queens Festival Final Team 2022"]
[Site "Tornelo"]
[Date "2022.06.26"]
[Round "5.1"]
[White "Grigoryan, Meri"]
[Black "Mayeregger Gonzalez, Fiorella"]
[Result "1-0"]
[ECO "D13"]
[WhiteElo "1993"]
[BlackElo "1284"]
[Annotator "NA RC"]
[PlyCount "89"]
[EventDate "2022.06.24"]
[EventType "team-tourn"]
[EventCountry "NET"]
[SourceTitle "playchess.com"]
[Source "ChessBase"]
[SourceQuality "1"]
[WhiteTeam "England"]
[BlackTeam "Paraguay"]
[WhiteTeamCountry "ENG"]
[BlackTeamCountry "PAR"]
[TimeControl "180+2"]

1. d4 d5 2. c4 c6 3. cxd5 cxd5 4. Nc3 Nf6 5. Nf3 Nc6 6. Bf4 a6 7. e3 e6 8. Bd3 h6 9. O-O Bd6 10. Bg3 O-O 11. Rc1 Qe7 12. Bh4 Bd7 13. Bb1 Rac8 14. a3 Qd8 15. Qd3 g6 16. Nd2 Be7 17. f4 Nh7 18. Bg3 f5 19. Nf3 Nf6 20. Ne5 Nxe5 21. fxe5 Ne4 22. Qe2 Nxc3 23. Rxc3 Bb5 24. Bd3 Rxc3 25. Bxb5 Rc7 26. Bd3 Qc8 27. h4 Rc1 28. Bf4 Rxf1+ 29. Qxf1 g5 30. hxg5 hxg5 31. Bg3 Kg7 32. Qd1 Rh8 33. Qb3 Qc1+ 34. Kf2 Rh1 35. Qc2 Qxc2+ 36. Bxc2 Rc1 37. Bd3 Rc6 38. Ke2 Rb6 39. b4 Rc6 40. Be1 g4 41. a4 Rb6 42. b5 axb5 43. axb5 Kf7 44. Ba5 Rxb5 45. Bxb5 1-0

[Event "Queens Festival Final Team 2022"]
[Site "Tornelo"]
[Date "2022.06.26"]
[Round "5.1"]
[White "Perez, Dalila"]
[Black "Posadas, Rayelynn"]
[Result "1-0"]
[ECO "D78"]
[WhiteElo "1799"]
[BlackElo "1648"]
[Annotator "NA RC"]
[PlyCount "63"]
[EventDate "2022.06.24"]
[EventType "team-tourn"]
[EventCountry "NET"]
[SourceTitle "playchess.com"]
[Source "ChessBase"]
[SourceQuality "1"]
[WhiteTeam "Paraguay"]
[BlackTeam "England"]
[WhiteTeamCountry "PAR"]
[BlackTeamCountry "ENG"]
[TimeControl "180+2"]

1. d4 Nf6 2. Nf3 g6 3. g3 Bg7 4. Bg2 O-O 5. c4 d5 6. O-O Nbd7 7. Nc3 c6 8. Bf4 Nh5 9. Bc1 dxc4 10. a4 a5 11. e4 b6 12. Qe2 Qc7 13. Qxc4 Ba6 14. Nb5 Qb7 15. d5 cxb5 16. axb5 Rac8 17. Qb3 Nc5 18. Qc4 Nd7 19. Qe2 Bxb5 20. Qxb5 Rc5 21. Qb3 Rfc8 22. Be3 Rc2 23. Rfb1 Nhf6 24. Nd4 R2c4 25. Nc6 Ne5 26. Nxe5 Nxe4 27. Nc6 b5 28. Rxa5 Nc5 29. Qxb5 Qxb5 30. Rxb5 Nd3 31. Nxe7+ Kf8 32. Nxc8 1-0

[Event "Queens Festival Final Team 2022"]
[Site "Tornelo"]
[Date "2022.06.26"]
[Round "5.1"]
[White "Catabay, Mae Katelyn Rose"]
[Black "Mayeregger Gonzalez, Renata"]
[Result "1-0"]
[ECO "A36"]
[WhiteElo "1321"]
[BlackElo "1461"]
[Annotator "NA RC"]
[PlyCount "129"]
[EventDate "2022.06.24"]
[EventType "team-tourn"]
[EventCountry "NET"]
[SourceTitle "playchess.com"]
[Source "ChessBase"]
[SourceQuality "1"]
[WhiteTeam "England"]
[BlackTeam "Paraguay"]
[WhiteTeamCountry "ENG"]
[BlackTeamCountry "PAR"]
[TimeControl "180+2"]

1. c4 c5 2. Nc3 e6 3. g3 Nf6 4. Bg2 Nc6 5. e3 g6 6. Nge2 Bg7 7. d4 cxd4 8. exd4 d6 9. Be3 Bd7 10. O-O O-O 11. Rc1 Ng4 12. h3 Nxe3 13. fxe3 Rc8 14. a3 e5 15. d5 Ne7 16. b3 Nf5 17. Qd2 Qg5 18. Ne4 Qxe3+ 19. Qxe3 Nxe3 20. Rf3 Nxg2 21. Kxg2 Bf5 22. Nxd6 Rcd8 23. Nxf5 gxf5 24. Rxf5 f6 25. Nc3 Rfe8 26. Ne4 Kf7 27. Rcf1 Kg8 28. Nxf6+ Bxf6 29. Rxf6 e4 30. Re1 Rd7 31. Rf4 Rde7 32. Re3 Re5 33. Kf2 Kg7 34. Ke2 Kg6 35. Kd2 h5 36. Kc3 Rg5 37. h4 Rg4 38. Rxg4+ hxg4 39. Kd4 Kf5 40. h5 a6 41. h6 b6 42. h7 a5 43. h8=Q Rxh8 44. Rxe4 Rh1 45. Rf4+ Kg5 46. Ke5 Re1+ 47. Kd6 Re3 48. b4 Rxa3 49. bxa5 bxa5 50. c5 Rxg3 51. Rf2 Rf3 52. Rg2 a4 53. c6 a3 54. c7 Rc3 55. Kd7 Kf4 56. c8=Q Rxc8 57. Kxc8 Kf3 58. Ra2 Ke4 59. d6 g3 60. d7 Kf3 61. d8=Q g2 62. Qd5+ Kg3 63. Qxg2+ Kh4 64. Rxa3 Kh5 65. Rh3# 1-0

[Event "Queens Festival Final Team 2022"]
[Site "Tornelo"]
[Date "2022.06.26"]
[Round "5.2"]
[White "Song, Yuxin"]
[Black "Alboredo, Julia"]
[Result "1-0"]
[ECO "B51"]
[WhiteElo "2317"]
[BlackElo "2252"]
[Annotator "TA"]
[PlyCount "101"]
[EventDate "2022.06.24"]
[EventType "team-tourn"]
[EventCountry "NET"]
[SourceTitle "playchess.com"]
[Source "ChessBase"]
[SourceQuality "1"]
[WhiteTeam "China"]
[BlackTeam "Brazil"]
[WhiteTeamCountry "CHN"]
[BlackTeamCountry "BRA"]
[TimeControl "180+2"]

1. e4 c5 2. Nf3 Nc6 3. Bb5 d6 4. O-O Bd7 5. Re1 a6 6. Bf1 Bg4 7. c3 g6 {[%emt 0:00:04] outshines the older 7...Nf6. B51: Sicilian: Moscow Variation (3 Bb5+) without 3...Bd7.} 8. d4 Bxf3 9. gxf3 cxd4 {[%emt 0:00:02] White is slightly better.} 10. cxd4 e5 11. d5 Nd4 12. Be3 Bg7 13. Nd2 Nf6 14. f4 {[%emt 0:00:31] Hoping for fxe5.} O-O {[%emt 0:00:10] [#]} 15. Bh3 $146 {[%emt 0:00:04] Against Rc8} ({Predecessor:} 15. fxe5 dxe5 16. f4 Nd7 17. fxe5 Bxe5 18. Nc4 Nb5 19. Nxe5 Nxe5 20. a4 Nd6 21. Bg2 {0-1 (32) Ansell,S (2380)-Wall,T (2370) Oxford 1998}) 15... Nh5 16. Bxd4 $2 (16. fxe5 $11 {and White is okay.} Bxe5 17. Nf3 Nxf3+ 18. Qxf3) 16... exd4 17. Qg4 Qf6 18. f5 Rac8 19. fxg6 (19. Bf1 $17) 19... hxg6 $19 20. Rac1 (20. Nf3 $142) 20... Rxc1 21. Rxc1 Nf4 22. Bf1 Bh6 23. Rd1 Qe5 (23... Re8 $142 $1 24. Qf3 Rc8) 24. Qf3 (24. Nf3 $142 Qxe4 25. Rxd4 Ne2+ 26. Bxe2 Qxe2 27. Rb4) 24... f5 (24... Rc8 $142 {Strongly threatening ...Rc2.} 25. Nc4 Qg5+ 26. Kh1 b5 27. Nxd6 Rc7) 25. Nc4 Qf6 (25... fxe4 $6 26. Nxe5 exf3 27. Nxf3 $11) (25... Qxe4 $6 26. Qxe4 fxe4 27. Rxd4 $11) 26. exf5 Qxf5 ({Better is} 26... b5 $17 27. Na5 Qg5+ 28. Qg3 Rxf5) 27. Nxd6 $11 Qc2 28. Kh1 {[%emt 0:00:06] [#]} ({Don't play} 28. Nxb7 d3 29. Bxd3 Qc8 $17) (28. Ne4 $11 {keeps the balance.}) 28... Nh5 ({Much worse is} 28... Qxb2 $6 29. Ne4 $11) (28... Nh3 $1 $17 29. Qxh3 Qxd1) 29. Qg4 (29. Bd3 $14 {stays ahead.} Rxf3 30. Bxc2) 29... Qxf2 $2 (29... Rxf2 $17 {and life is bright.} 30. Qc8+ (30. Qe6+ $2 Kh7 $19) 30... Qxc8 31. Nxc8 Bf4) 30. Qxg6+ Ng7 {[%emt 0:00:05] [#] ( -> ...Qf3+)} 31. Qg2 {[%emt 0:00:02] Really sharp! White is much more active.} ({But not} 31. Bg2 Rf6 32. Ne4 Rxg6 $14) 31... Qxg2+ 32. Bxg2 Be3 33. Nxb7 {[%emt 0:00:01] d6 is the strong threat.} Rb8 (33... Ne8 {was called for.} 34. d6 Nf6) 34. d6 $18 Ne6 35. Bd5 Kf7 (35... Kg7 36. Bxe6 Rxb7) 36. Rf1+ $2 (36. Nc5) 36... Ke8 $2 (36... Kg7 $18 37. Bxe6 Rxb7) 37. Bxe6 (37. Bc6# $142) 37... Rxb7 {[%emt 0:00:01][%mdl 4096] Endgame KRB-KRB} 38. d7+ Ke7 39. Rf7+ Kxe6 40. d8=N+ Kd5 41. Rxb7 d3 42. Rd7+ Ke4 43. Ne6 d2 {[%emt 0:00:01] [#]} 44. Nc5+ $1 Bxc5 (44... Kf5 45. Nb3) 45. Rxd2 {[%emt 0:00:02] KR-KB} a5 46. Kg2 {[%emt 0:00:01] h4 would kill now.} Ke3 47. Rc2 {[%emt 0:00:01] White mates.} Bd4 48. h4 a4 49. h5 Kd3 {[%emt 0:00:02] [#]} 50. Rf2 $1 Bxb2 (50... Bg7 51. Kf3) 51. Rxb2 {[%emt 0:00:02] White used his chance.  Weighted Error Value: White=0.60/Black=0.69} 1-0

[Event "Queens Festival Final Team 2022"]
[Site "Tornelo"]
[Date "2022.06.26"]
[Round "5.2"]
[White "Medeiros, Thauane Ferreira"]
[Black "Hong, Xing"]
[Result "0-1"]
[ECO "D00"]
[WhiteElo "1884"]
[BlackElo "1999"]
[Annotator "NA RC"]
[PlyCount "104"]
[EventDate "2022.06.24"]
[EventType "team-tourn"]
[EventCountry "NET"]
[SourceTitle "playchess.com"]
[Source "ChessBase"]
[SourceQuality "1"]
[WhiteTeam "Brazil"]
[BlackTeam "China"]
[WhiteTeamCountry "BRA"]
[BlackTeamCountry "CHN"]
[TimeControl "180+2"]

1. d4 Nf6 2. Bf4 c5 3. e3 d5 4. c3 Bf5 5. Nf3 e6 6. h3 Be7 7. Nbd2 O-O 8. Be2 Nc6 9. O-O h6 10. Ne5 Nd7 11. Ndf3 f6 12. Nxd7 Qxd7 13. Bg3 Rae8 14. a4 Bd6 15. Bxd6 Qxd6 16. Qb3 b6 17. Bb5 Rd8 18. Rad1 c4 19. Qa2 Bd3 20. Rfe1 Ne7 21. Rd2 e5 22. dxe5 fxe5 23. b3 a6 24. Bxa6 cxb3 25. Qxb3 Bxa6 26. e4 Bc4 27. Qb2 Qc5 28. Nxe5 dxe4 29. Rxd8 Rxd8 30. Nxc4 Qxc4 31. Qxb6 Rf8 32. a5 Kh7 33. Qb4 Qd5 34. Qxe4+ Qxe4 35. Rxe4 Nd5 36. Re5 Nxc3 37. a6 Ra8 38. Ra5 Ne4 39. f3 Nd6 40. Kf2 Nc4 41. Ra4 Nb6 42. Ra5 Ra7 43. g4 Na8 44. h4 Nc7 45. h5 Rxa6 46. Rc5 Ne6 47. Rc8 Ng5 48. Rf8 Ra1 49. Rf5 Ra2+ 50. Kg3 Ra3 51. Kf2 Ne6 52. Rf7 Kg8 0-1

[Event "Queens Festival Final Team 2022"]
[Site "Tornelo"]
[Date "2022.06.26"]
[Round "5.2"]
[White "Cui, Wen"]
[Black "Bucci, Andrea Vidigal"]
[Result "1/2-1/2"]
[ECO "C41"]
[WhiteElo "1718"]
[BlackElo "1769"]
[Annotator "NA RC"]
[PlyCount "78"]
[EventDate "2022.06.24"]
[EventType "team-tourn"]
[EventCountry "NET"]
[SourceTitle "playchess.com"]
[Source "ChessBase"]
[SourceQuality "1"]
[WhiteTeam "China"]
[BlackTeam "Brazil"]
[WhiteTeamCountry "CHN"]
[BlackTeamCountry "BRA"]
[TimeControl "180+2"]

1. e4 e5 2. Nf3 d6 3. d4 Nf6 4. Nc3 c6 5. dxe5 Ng4 6. exd6 Bxd6 7. Be2 Qc7 8. h3 Ne5 9. O-O O-O 10. Be3 f5 11. exf5 Bxf5 12. Bd4 Nbd7 13. Nxe5 Nxe5 14. Be3 Rad8 15. Bg5 Rd7 16. Qc1 Ng6 17. Bg4 Bxg4 18. hxg4 Bf4 19. Bxf4 Nxf4 20. Qe3 Re7 21. Qg3 Qe5 22. Rad1 Qxc3 23. bxc3 Ne2+ 24. Kh2 Nxg3 25. Kxg3 Re2 26. Rc1 Rd8 27. Rfe1 Red2 28. f3 Kf7 29. Rb1 b6 30. Rbc1 c5 31. Re3 R8d7 32. Ree1 g6 33. Rh1 Kf6 34. Rhe1 h6 35. Rh1 Kg7 36. Rhe1 Kf6 37. Rh1 Kg7 38. Rhe1 Kf7 39. Rh1 Kg7 1/2-1/2

[Event "Queens Festival Final Team 2022"]
[Site "Tornelo"]
[Date "2022.06.26"]
[Round "5.2"]
[White "Gomes, Maria Eduarda Papini"]
[Black "Jiang, Tianyu"]
[Result "0-1"]
[ECO "A50"]
[WhiteElo "1618"]
[BlackElo "1502"]
[Annotator "NA RC"]
[PlyCount "32"]
[EventDate "2022.06.24"]
[EventType "team-tourn"]
[EventCountry "NET"]
[SourceTitle "playchess.com"]
[Source "ChessBase"]
[SourceQuality "1"]
[WhiteTeam "Brazil"]
[BlackTeam "China"]
[WhiteTeamCountry "BRA"]
[BlackTeamCountry "CHN"]
[TimeControl "180+2"]

1. d4 Nf6 2. c4 Nc6 3. Nc3 e5 4. d5 Ne7 5. e4 Ng6 6. Nf3 Bb4 7. Qc2 O-O 8. Bd3 d6 9. O-O Nh5 10. a3 Bxc3 11. Qxc3 Ngf4 12. b4 Qf6 13. Kh1 h6 14. c5 Nxg2 15. Kxg2 Bh3+ 16. Kh1 Qxf3+ 0-1

[Event "Queens Festival Final Team 2022"]
[Site "Tornelo"]
[Date "2022.06.26"]
[Round "5.3"]
[White "Bian, Erin"]
[Black "Masoumi, Sahar"]
[Result "0-1"]
[ECO "B33"]
[WhiteElo "1811"]
[BlackElo "2004"]
[Annotator "NA RC"]
[PlyCount "108"]
[EventDate "2022.06.24"]
[EventType "team-tourn"]
[EventCountry "NET"]
[SourceTitle "playchess.com"]
[Source "ChessBase"]
[SourceQuality "1"]
[WhiteTeam "United States"]
[BlackTeam "Iran"]
[WhiteTeamCountry "USA"]
[BlackTeamCountry "IRI"]
[TimeControl "180+2"]

1. e4 c5 2. Nf3 Nc6 3. d4 cxd4 4. Nxd4 Nf6 5. Nc3 e6 6. Ndb5 d6 7. Bf4 e5 8. Bg5 a6 9. Na3 b5 10. Nd5 Be7 11. Bxf6 Bxf6 12. c3 Rb8 13. Nc2 O-O 14. g3 g6 15. h4 Bg7 16. Bh3 Be6 17. h5 Qd7 18. Bxe6 fxe6 19. Nde3 Qf7 20. Qe2 d5 21. hxg6 Qxg6 22. exd5 exd5 23. Nxd5 Rfd8 24. O-O-O a5 25. f4 b4 26. fxe5 bxc3 27. Nxc3 Nxe5 28. Rxd8+ Rxd8 29. Rd1 Nd3+ 30. Kb1 Bxc3 31. bxc3 Qb6+ 32. Nb4 axb4 33. Rxd3 bxc3+ 34. Kc1 Qb2+ 35. Qxb2 cxb2+ 36. Kxb2 Rxd3 37. a4 Rxg3 38. a5 Rg7 39. Kb3 h5 40. Kb4 h4 41. Kb5 h3 42. a6 h2 43. Kb6 h1=Q 44. a7 Qb7+ 45. Kc5 Qxa7+ 46. Kd5 Rd7+ 47. Ke5 Qc7+ 48. Kf5 Rf7+ 49. Ke4 Qd6 50. Ke3 Re7+ 51. Kf3 Qf6+ 52. Kg4 Rg7+ 53. Kh5 Qg6+ 54. Kh4 Qh6# 0-1

[Event "Queens Festival Final Team 2022"]
[Site "Tornelo"]
[Date "2022.06.26"]
[Round "5.3"]
[White "Davari, Sara"]
[Black "Yellamraju, Aparna"]
[Result "1-0"]
[ECO "C11"]
[WhiteElo "1674"]
[BlackElo "1720"]
[Annotator "NA RC"]
[PlyCount "121"]
[EventDate "2022.06.24"]
[EventType "team-tourn"]
[EventCountry "NET"]
[SourceTitle "playchess.com"]
[Source "ChessBase"]
[SourceQuality "1"]
[WhiteTeam "Iran"]
[BlackTeam "United States"]
[WhiteTeamCountry "IRI"]
[BlackTeamCountry "USA"]
[TimeControl "180+2"]

1. e4 e6 2. d4 d5 3. Nc3 Nf6 4. e5 Nfd7 5. Nce2 c5 6. c3 Qb6 7. f4 a6 8. Nf3 Qc7 9. g3 b5 10. a3 Bb7 11. Bh3 g6 12. O-O Nc6 13. Be3 O-O-O 14. b4 c4 15. a4 Qb6 16. axb5 axb5 17. Ng5 Re8 18. Nxf7 Rg8 19. Ng5 Nd8 20. Qc2 h6 21. Nf3 Kc7 22. Qa2 Be7 23. Qa5 Bf8 24. Qxb6+ Kxb6 25. Kf2 Be7 26. g4 h5 27. gxh5 gxh5 28. Rg1 Ref8 29. Rxg8 Rxg8 30. Rg1 Rxg1 31. Kxg1 Nf8 32. f5 exf5 33. Bxf5 Nde6 34. Nf4 Nxf4 35. Bxf4 Bc6 36. Kg2 Be8 37. h4 Kc6 38. Bg5 Bxg5 39. hxg5 Ng6 40. Bxg6 Bxg6 41. Kg3 Kd7 42. Kh4 Ke7 43. Kg3 Ke6 44. Kf4 Be8 45. Nh4 Kf7 46. g6+ Kg7 47. Kf5 Bd7+ 48. e6 Be8 49. Kg5 Kg8 50. Kxh5 Kg7 51. Kg5 Bc6 52. Nf5+ Kg8 53. Ne7+ Kg7 54. Nxc6 Kf8 55. e7+ Ke8 56. g7 Kd7 57. g8=Q Kxc6 58. e8=Q+ Kb6 59. Qge6+ Kc7 60. Q8d7+ Kb8 61. Qee8# 1-0

[Event "Queens Festival Final Team 2022"]
[Site "Tornelo"]
[Date "2022.06.26"]
[Round "5.3"]
[White "khezrian, Neda"]
[Black "Krush, Irina"]
[Result "0-1"]
[ECO "D02"]
[WhiteElo "1056"]
[BlackElo "2430"]
[Annotator "TA"]
[PlyCount "82"]
[EventDate "2022.06.24"]
[EventType "team-tourn"]
[EventCountry "NET"]
[SourceTitle "playchess.com"]
[Source "ChessBase"]
[SourceQuality "1"]
[WhiteTeam "Iran"]
[BlackTeam "United States"]
[WhiteTeamCountry "IRI"]
[BlackTeamCountry "USA"]
[TimeControl "180+2"]

1. d4 d5 2. Bf4 Nf6 3. Nf3 c5 4. c3 Nc6 5. Nbd2 cxd4 6. cxd4 {[%emt 0:00:03] D02: 1 d4 d5 2 Nf3 sidelines, including 2...Nf6 3 g3 and 2...Nf6 3 Bf4.} Bf5 7. e3 e6 8. Bb5 {[%emt 0:00:11] [#] The position is equal.} Qb6 $146 ({Predecessor:} 8... Bd6 9. Rc1 Rc8 10. Ne5 Bxe5 11. Bxe5 O-O 12. Bxc6 bxc6 13. O-O Ne4 14. Nxe4 Bxe4 {1-0 (40) Audi,A (2378)-Bommini,M (2029) Chess.com INT 2020}) 9. Qb3 Nd7 10. Bxc6 (10. O-O $11) 10... bxc6 (10... Qxc6 $17 11. Qd1 Bc2) 11. O-O $11 c5 12. Ne5 (12. Rfc1 $11 {keeps the balance.}) 12... Nxe5 $17 13. Bxe5 {[%emt 0:00:06] [#] Threatens to win with Qa4+.} f6 {[%emt 0:00:01] Hoping for ...Qxb3.} 14. Bg3 Be7 (14... Kf7 $17) 15. Rac1 ({White should try} 15. dxc5 $11 Bxc5 16. Qa4+ Kf7 17. Rac1) 15... Kf7 (15... Qxb3 $15 16. Nxb3 c4) 16. Nf3 $2 {[%emt 0:00:08][%mdl 8192] [#] White is on the road to losing.} (16. dxc5 $11 Bxc5 17. Rc3) 16... c4 $1 $19 17. Qxb6 axb6 18. a3 b5 19. Rfe1 b4 20. axb4 Bxb4 21. Red1 Ra2 22. Ra1 Rha8 23. Rxa2 Rxa2 24. h3 Rxb2 25. Ra1 Rb1+ 26. Rxb1 Bxb1 {[%emt 0:00:02][%mdl 4096] Endgame KBB-KBN} 27. Kh2 c3 {[%emt 0:00:25] Strongly threatening ...c2.} 28. Ne1 Ba3 29. f3 Bc1 {[%emt 0:00:02] This bishop pair is nice.} 30. e4 dxe4 31. fxe4 Bxe4 32. Bf4 Bxf4+ {[%emt 0:00:02] Black mates.} 33. Kh1 Bd2 34. Nf3 Bxf3 35. gxf3 {[%emt 0:00:01] KB-K3P} c2 36. d5 c1=Q+ 37. Kg2 exd5 38. Kg3 Bf4+ 39. Kh4 Qe1+ 40. Kg4 Qg3+ 41. Kf5 Qg5# {[%emt 0:00:01] Weighted Error Value: White=0.71/Black=0.26 (precise)} 0-1

[Event "Queens Festival Final Team 2022"]
[Site "Tornelo"]
[Date "2022.06.26"]
[Round "5.4"]
[White "Ovezdurdiyeva, Jemal"]
[Black "Maksimovic, Suzana"]
[Result "1/2-1/2"]
[ECO "E61"]
[WhiteElo "2061"]
[BlackElo "2145"]
[Annotator "NA RC"]
[PlyCount "72"]
[EventDate "2022.06.24"]
[EventType "team-tourn"]
[EventCountry "NET"]
[SourceTitle "playchess.com"]
[Source "ChessBase"]
[SourceQuality "1"]
[WhiteTeam "Turkmenistan"]
[BlackTeam "Serbia"]
[WhiteTeamCountry "TKM"]
[BlackTeamCountry "SRB"]
[TimeControl "180+2"]

1. d4 Nf6 2. c4 c5 3. d5 g6 4. Nc3 Bg7 5. Nf3 O-O 6. Bg5 d6 7. h3 h6 8. Bh4 Nbd7 9. e3 a6 10. Be2 Ne8 11. O-O Nc7 12. a4 b6 13. Nd2 f5 14. f4 Nf6 15. Bf3 Rb8 16. Qe2 Bd7 17. e4 fxe4 18. Ndxe4 b5 19. axb5 axb5 20. Rae1 bxc4 21. Bxf6 Bxf6 22. Nxf6+ exf6 23. Ne4 Bf5 24. g4 Bxe4 25. Bxe4 f5 26. Bg2 Qf6 27. Rf2 Rfe8 28. Qf1 Rxe1 29. Qxe1 Rxb2 30. Rxb2 Qxb2 31. Qe7 Qc1+ 32. Kh2 Qxf4+ 33. Kh1 Qc1+ 34. Kh2 Qf4+ 35. Kh1 Qc1+ 36. Kh2 Qf4+ 1/2-1/2

[Event "Queens Festival Final Team 2022"]
[Site "Tornelo"]
[Date "2022.06.26"]
[Round "5.4"]
[White "Vujcic, Milena"]
[Black "Shohradowa, Lala"]
[Result "0-1"]
[ECO "C02"]
[WhiteElo "1987"]
[BlackElo "1856"]
[Annotator "NA RC"]
[PlyCount "98"]
[EventDate "2022.06.24"]
[EventType "team-tourn"]
[EventCountry "NET"]
[SourceTitle "playchess.com"]
[Source "ChessBase"]
[SourceQuality "1"]
[WhiteTeam "Serbia"]
[BlackTeam "Turkmenistan"]
[WhiteTeamCountry "SRB"]
[BlackTeamCountry "TKM"]
[TimeControl "180+2"]

1. e4 e6 2. d4 d5 3. e5 c5 4. c3 Qb6 5. Nf3 Nc6 6. a3 Bd7 7. b4 cxd4 8. cxd4 Rc8 9. Be3 Nh6 10. Bd3 Ng4 11. O-O Nxe3 12. fxe3 g6 13. Nbd2 Bh6 14. Qe2 Ne7 15. Nb3 Nf5 16. Bxf5 gxf5 17. Rac1 Ke7 18. Qf2 Bb5 19. Qh4+ Kd7 20. Nc5+ Rxc5 21. dxc5 Bxe3+ 22. Kh1 Qa6 23. Rfe1 Bxc1 24. Rxc1 Qxa3 25. Re1 Qc3 26. Qf6 Rf8 27. Qg7 Ke8 28. Rg1 Qxb4 29. Ng5 Qxc5 30. Nxh7 d4 31. Nxf8 Qxf8 32. Qg3 d3 33. Qe3 a6 34. Rc1 Qa3 35. h4 Qb4 36. g3 Qe4+ 37. Qxe4 fxe4 38. h5 d2 39. Rd1 e3 40. h6 Bd3 41. Kg2 e2 42. Rxd2 e1=Q 43. Rxd3 Qe4+ 44. Rf3 Qxe5 45. h7 Kf8 46. g4 Kg7 47. g5 Qxg5+ 48. Rg3 Qxg3+ 49. Kxg3 Kxh7 0-1